Map: Tropical Sacrifice

Players

AndrewL

  • Race: Protoss Protoss
  • League: Diamond
  • Spawn Location: 7:00

GuMiAHo - Winner!

  • Race: Zerg Zerg
  • League: Diamond
  • Spawn Location: 1:00

VOD

Have the link to the VOD?

Description

Time

  • Played on: Nov. 7, 2022, 8:53 p.m.
  • Length: 23:01
Show
View Real Time Build Order
Export as new Build Order

AndrewL Protoss 

Build Orders: Carriers 

Get SALT Encoding   

  12  0:00  Probe (Chrono Boost)  
  13  0:10  Probe (Chrono Boost)  
  14  0:18  Pylon  
  14  0:22  Probe  
  15  0:37  Gateway  
  15  0:42  Probe  
  16  0:54  Probe  
  17  1:06  Probe (Chrono Boost)  
  17  1:07  Assimilator  
  17  1:09  Pylon  
  18  1:17  Assimilator  
  18  1:18  Probe (Chrono Boost)  
  19  1:23  Probe (Chrono Boost)  
  20  1:26  Gateway  
  20  1:33  Cybernetics Core  
  20  1:41  Zealot  
  22  1:52  Probe  
  23  2:04  Probe (Chrono Boost)  
  24  2:13  Zealot  
  27  2:16  Probe (Chrono Boost)  
  27  2:17  Zealot  
  27  2:22  Probe (Chrono Boost)  
  30  2:31  Probe  
  30  2:34  Warp Gate  
  31  2:56  Nexus  
  31  3:00  Pylon  
  31  3:18  Probe (Chrono Boost), Stalker  
  34  3:29  Probe (Chrono Boost)  
  34  3:33  Twilight Council  
  34  3:34  Probe (Chrono Boost)  
  35  3:37  Forge  
  36  3:44  Probe  
  37  3:56  Probe  
  37  4:02  Protoss Ground Weapons Level 1  
  39  4:10  Blink (Chrono Boost)  
  39  4:12  Probe x2 (Chrono Boost)  
  40  4:22  Probe (Chrono Boost), Stalker  
  44  4:24  Probe (Chrono Boost), Stalker  
  44  4:28  Probe (Chrono Boost)  
  49  4:39  Probe x2 (Chrono Boost)  
  49  4:44  Probe (Chrono Boost)  
  49  4:45  Probe (Chrono Boost)  
  51  4:57  Probe, Stalker  
  54  5:01  Gateway  
  54  5:02  Gateway  
  54  5:07  Pylon  
  54  5:09  Pylon  
  54  5:29  Stalker  
  54  5:30  Stalker  
  57  5:52  Nexus  
  57  5:53  Pylon  
  57  6:00  Stalker x3  
  57  6:01  Stalker  
  65  6:23  Zealot  
  65  6:24  Zealot x2  
  71  6:33  Zealot  
  62  6:51  Zealot x3  
  68  7:01  Protoss Ground Weapons Level 2 (Chrono Boost)  
  68  7:03  Templar Archives  
  68  7:12  Stargate  
  68  7:14  Gateway  
  68  7:15  Assimilator  
  68  7:18  Gateway  
  68  7:19  Probe x2 (Chrono Boost)  
  68  7:20  Assimilator, Gateway, Probe (Chrono Boost)  
  68  7:22  Gateway  
  71  7:26  Pylon  
  71  7:29  Probe x3 (Chrono Boost)  
  74  7:34  Probe x3 (Chrono Boost)  
  77  7:41  Pylon  
  77  7:44  Psionic Storm  
  77  7:45  Probe  
  78  7:53  Assimilator  
  78  7:57  Assimilator  
  78  7:59  Probe (Chrono Boost)  
  78  8:05  Probe x2 (Chrono Boost)  
  81  8:09  Probe (Chrono Boost)  
  84  8:13  Probe (Chrono Boost)  
  84  8:14  Probe x2 (Chrono Boost)  
  84  8:16  Fleet Beacon  
  85  8:24  Probe (Chrono Boost)  
  85  8:26  Probe (Chrono Boost)  
  88  8:29  Probe (Chrono Boost)  
  88  8:31  Probe (Chrono Boost)  
  88  8:32  Probe (Chrono Boost)  
  90  8:36  Probe  
  90  8:38  Probe  
  90  8:40  Probe  
  93  8:48  Probe  
  93  8:50  Probe  
  93  8:52  Probe  
  93  8:53  Protoss Air Weapons Level 1  
  96  9:00  Stargate, Carrier (Chrono Boost), Probe  
  96  9:02  Probe  
  105  9:10  Probe  
  105  9:16  Charge  
  105  9:23  Protoss Ground Weapons Level 3  
  105  9:26  High Templar  
  107  9:33  High Templar  
  109  9:40  Pylon x2  
  109  9:43  Shield Battery  
  109  9:47  Shield Battery  
  109  9:48  Shield Battery  
  109  9:58  Zealot x2  
  110  10:18  Pylon  
  110  10:23  High Templar x3  
  110  10:24  High Templar  
  118  10:34  Archon  
  83  10:55  Zealot x3  
  83  10:56  Zealot x3  
  90  11:21  Probe x2 (Chrono Boost)  
  90  11:22  Probe (Chrono Boost)  
  93  11:33  Probe (Chrono Boost)  
  93  11:36  Probe x2 (Chrono Boost)  
  96  11:40  High Templar x3  
  96  11:41  High Templar x4  
  96  11:43  Probe (Chrono Boost)  
  96  11:45  Probe (Chrono Boost)  
  112  11:50  Carrier (Chrono Boost)  
  118  12:00  Gateway  
  118  12:10  Carrier (Chrono Boost)  
  124  12:25  Shield Battery  
  124  12:26  Photon Cannon  
  124  12:28  Photon Cannon  
  124  12:29  Photon Cannon  
  124  12:31  Pylon  
  124  12:32  Photon Cannon  
  124  12:34  Photon Cannon  
  124  12:35  Photon Cannon  
  124  12:51  Carrier (Chrono Boost)  
  130  13:08  Nexus  
  130  13:10  Pylon  
  130  13:12  Pylon  
  130  13:14  Pylon  
  130  13:15  Assimilator, Pylon  
  130  13:18  Probe x2 (Chrono Boost), Pylon, Assimilator  
  130  13:19  Pylon, Probe (Chrono Boost)  
  133  13:28  Carrier  
  133  13:30  Probe x3 (Chrono Boost)  
  133  13:34  Probe x2 (Chrono Boost), Shield Battery  
  142  13:35  Probe (Chrono Boost), Shield Battery  
  142  13:37  Shield Battery  
  142  13:40  Shield Battery  
  142  13:41  Shield Battery  
  145  13:43  Photon Cannon  
  145  13:46  High Templar x3  
  145  13:47  High Templar x3  
  145  13:48  High Templar  
  159  13:50  Archon  
  159  13:51  Archon x2  
  159  14:00  Probe x3  
  162  14:12  Probe x2  
  164  14:36  Photon Cannon  
  164  14:38  Photon Cannon  
  164  14:40  Photon Cannon  
  164  14:41  Photon Cannon x2  
  121  15:33  Stalker  
  121  15:34  Robotics Facility, Stalker x3  
  121  15:35  Zealot x3  
  135  15:56  Protoss Shields Level 1 (Chrono Boost)  
  135  16:21  Observer (Chrono Boost)  
  135  16:23  Carrier x2 (Chrono Boost)  
  148  16:33  Observer (Chrono Boost)  
  149  16:50  Pylon  
  149  16:52  Pylon  
  149  16:53  Pylon  
  149  16:55  Pylon  
  149  16:56  Pylon  
  149  16:59  Pylon  
  149  17:10  Carrier x2 (Chrono Boost)  
  149  17:11  High Templar x5  
  149  17:12  High Templar x3  
  177  17:15  Archon x2  
  177  17:16  Archon x2  
  171  17:51  High Templar x2  
  175  18:05  Carrier  
  181  18:06  Nexus, Pylon  
  181  18:08  Pylon  
  181  18:10  Pylon  
  181  18:11  Assimilator x2, Pylon  
  181  18:27  Zealot x3  
  181  18:28  Zealot x4  
  181  18:29  Zealot  
  197  19:04  Pylon  
  197  19:05  Gateway  
  197  19:08  Probe x3  
  148  20:25  Archon x4  
  138  20:48  Zealot  
  138  20:49  Zealot x6  
  88  21:04  Carrier (Chrono Boost)  
  88  21:05  Carrier (Chrono Boost)  
  90  21:34  Templar Archives  
  90  21:38  Zealot x2  
  90  21:39  Zealot x4  
  95  21:40  Zealot  
  108  22:10  High Templar x2  
  108  22:11  High Templar x4  
  108  22:12  High Templar  
  104  22:43  High Templar x2  
  104  22:44  High Templar x4  
  80  22:56  Archon x5  
Show
View Real Time Build Order
Export as new Build Order

GuMiAHo Zerg - Winner!

Build Orders: 3 Hatch before Pool, Lurkers 

Get SALT Encoding   

  12  0:00  Drone  
  13  0:13  Overlord  
  13  0:20  Drone  
  14  0:31  Drone x2  
  16  0:54  Hatchery  
  16  0:56  Drone  
  16  1:17  Hatchery  
  15  1:20  Drone  
  16  1:35  Spawning Pool  
  16  1:38  Drone  
  16  1:42  Drone  
  16  1:46  Drone  
  18  1:49  Extractor  
  17  1:54  Drone  
  18  2:02  Drone  
  19  2:09  Drone  
  19  2:12  Overlord  
  20  2:18  Drone  
  21  2:24  Evolution Chamber  
  21  2:27  Drone  
  21  2:29  Zergling x2, Queen x2  
  25  2:33  Zergling x2  
  28  2:38  Drone  
  30  2:52  Zergling x2  
  31  3:00  Hatchery  
  31  3:05  Metabolic Boost, Queen  
  32  3:21  Drone  
  32  3:22  Overlord, Drone  
  32  3:23  Overlord  
  34  3:34  Drone x2  
  36  3:42  Queen x2  
  36  3:46  Drone x2  
  42  3:49  Extractor  
  40  3:57  Overlord  
  40  4:21  Drone  
  40  4:22  Drone x8  
  49  4:29  Drone  
  49  4:30  Roach Warren  
  49  4:41  Baneling Nest  
  49  4:43  Queen  
  50  4:49  Zergling x4  
  52  5:00  Overlord x3  
  52  5:03  Zergling x4  
  52  5:04  Zergling x10  
  58  5:11  Zergling x2  
  58  5:13  Zergling x2  
  59  5:24  Lair  
  59  5:27  Roach x7  
  73  5:30  Spore Crawler  
  73  5:33  Spore Crawler  
  70  5:46  Baneling x4  
  70  5:47  Overlord  
  70  5:48  Overlord  
  70  5:50  Spore Crawler  
  70  5:52  Drone  
  70  5:53  Drone x3  
  73  5:58  Drone  
  73  5:59  Drone x2  
  76  6:08  Drone x5  
  78  6:27  Hydralisk Den  
  78  6:29  Zergling x2  
  78  6:30  Zergling x18  
  81  6:48  Extractor  
  81  6:50  Zergling x2  
  81  6:51  Zergling x18  
  81  6:53  Baneling x4  
  81  6:54  Baneling x2  
  90  7:02  Drone x2  
  90  7:03  Drone  
  90  7:04  Evolution Chamber  
  90  7:05  Extractor  
  90  7:07  Overlord x3, Extractor  
  90  7:28  Centrifugal Hooks  
  90  7:29  Drone  
  91  7:30  Drone x10  
  101  7:39  Overlord  
  101  7:47  Hatchery  
  101  7:48  Drone x3  
  101  7:49  Drone x3  
  106  7:58  Overlord  
  106  8:01  Overlord  
  106  8:06  Hatchery  
  106  8:08  Drone  
  106  8:09  Drone x5  
  106  8:10  Drone  
  112  8:19  Zerg Melee Weapons Level 1  
  112  8:25  Overlord  
  112  8:27  Overlord  
  112  8:40  Overlord  
  112  8:44  Hydralisk  
  112  8:45  Grooved Spines, Hydralisk x7  
  128  8:54  Drone x6  
  128  8:55  Drone x3  
  137  9:10  Evolution Chamber  
  137  9:12  Extractor  
  135  9:19  Glial Reconstitution  
  135  9:27  Overseer  
  135  9:28  Pneumatized Carapace  
  135  9:32  Hydralisk x3  
  135  9:33  Infestation Pit  
  135  9:34  Zergling x2  
  135  9:35  Zergling x36  
  158  9:56  Muscular Augments  
  158  10:01  Spire, Drone x2  
  158  10:02  Spire  
  158  10:05  Baneling x4  
  158  10:06  Baneling  
  156  10:13  Drone x11  
  156  10:14  Drone x3  
  169  10:16  Extractor  
  169  10:17  Extractor  
  147  10:42  Hydralisk  
  116  10:43  Hydralisk x9  
  121  10:53  Queen x4  
  121  10:54  Hydralisk  
  121  10:55  Hydralisk x4  
  135  11:00  Extractor x2  
  130  11:04  Zergling x2  
  130  11:05  Zergling x22  
  130  11:08  Hydralisk  
  130  11:09  Hydralisk x3  
  150  11:19  Lurker Den, Drone x2  
  150  11:20  Drone x2  
  150  11:21  Drone x2  
  155  11:27  Drone x3  
  155  11:29  Drone  
  155  11:30  Drone x4  
  163  11:33  Overlord x3, Extractor  
  163  11:34  Hatchery  
  163  11:35  Extractor  
  160  11:57  Zerg Missile Weapons Level 1, Zerg Ground Armor Level 1  
  160  11:58  Zerg Flyer Weapons Level 1  
  160  11:59  Zerg Flyer Armor Level 1  
  160  12:00  Hive  
  160  12:02  Hydralisk x3  
  160  12:03  Hydralisk x2  
  170  12:19  Overlord  
  170  12:20  Overlord  
  170  12:21  Overlord x2  
  170  12:22  Overlord  
  170  12:35  Corruptor  
  170  12:36  Corruptor x8  
  177  12:50  Lurker x4  
  181  12:54  Lurker  
  181  12:57  Lurker  
  183  13:03  Drone  
  183  13:04  Drone x2  
  186  13:09  Zergling x2  
  186  13:10  Zergling x10  
  194  13:32  Lurker x7  
  199  13:53  Greater Spire  
  199  13:54  Adaptive Talons  
  199  13:57  Zerg Flyer Weapons Level 2  
  199  14:00  Zerg Missile Weapons Level 2  
  187  14:45  Hydralisk x7  
  188  14:46  Corruptor  
  188  14:51  Seismic Spines  
  176  14:53  Hydralisk x15  
  176  14:54  Hydralisk  
  188  16:03  Spore Crawler  
  182  16:04  Spore Crawler  
  182  16:05  Spore Crawler x2  
  182  16:06  Spore Crawler x2  
  182  16:07  Spore Crawler x2  
  182  16:08  Spore Crawler  
  182  16:10  Spore Crawler x2  
  172  16:11  Brood Lord x2  
  172  16:12  Brood Lord x4  
  172  16:13  Zerg Flyer Armor Level 2  
  184  16:21  Zerg Ground Armor Level 2, Zerg Missile Weapons Level 3  
  184  16:22  Zerg Flyer Weapons Level 3  
  184  16:29  Spore Crawler, Roach x3  
  184  16:30  Infestor x2, Roach x2  
  184  16:31  Infestor  
  199  16:45  Spore Crawler  
  199  16:46  Spore Crawler  
  197  16:47  Spore Crawler  
  197  16:53  Viper  
  193  17:23  Spore Crawler, Viper x2  
  193  17:24  Spore Crawler x3, Viper  
  193  17:27  Spore Crawler  
  193  17:28  Spore Crawler  
  184  17:46  Lurker  
  184  17:47  Lurker x3  
  188  18:02  Corruptor x6  
  188  18:40  Zerg Ground Armor Level 3  
  188  18:41  Zerg Flyer Armor Level 3  
  166  18:42  Corruptor  
  166  18:43  Corruptor x16  
  198  18:59  Overlord x2  
  198  19:00  Overlord  
  198  19:01  Overlord x2  
  198  19:08  Overlord  
  188  20:06  Hydralisk  
  188  20:07  Hydralisk x7  
  167  20:09  Corruptor  
  167  20:10  Corruptor x8  
  184  20:24  Corruptor x6  
  184  20:27  Hydralisk x8  
  176  20:45  Roach  
  176  20:46  Roach x11  
  190  20:53  Brood Lord x3  
  181  21:26  Zergling x2  
  181  21:27  Zergling x22  
  187  21:33  Spine Crawler x2  
  187  21:35  Spine Crawler x2  
  176  21:40  Spine Crawler  
  176  21:41  Spine Crawler  
  176  21:43  Spine Crawler  
  169  21:51  Roach  
  169  21:52  Roach x7  
  184  22:00  Hatchery  
  183  22:08  Hydralisk x4  
Tags
 
Add a new tag
Caveats
  • Supply blocks, unpowered buildings, or Contaminate may cause inaccurate times.
  • Supply counts are checked every 10 seconds.